AoeStats
← Malik Bhai

Arabian Desert

509020822Analyzed
1v1 RM · 8d ago on Sep 25, 2026· 36m 55s· 2 players
Game mode
Random Map
Map size
Tiny (2 player)
Population
200
Speed
Normal
Resources
Standard
Victory
Conquest
Starting age
Dark Age
Ending age
Imperial Age
RankedLock teamsTeams togetherTeam positionsShared explorationLock speedFull tech treeHidden civsTurbo modeCheats
Victory
Defeat
🇵🇰 Burmese · Pakistan
1593
+13
🇺🇸 Armenians · United States
1526
-13
Burtus Khan
5:32 Loom
6:00 Loom
9:00 Feudal Age
9:39 Double-Bit Axe
12:26 Fletching
22:08 Castle Age
21:33 Horse Collar
21:55 Gold Mining
22:49 Bodkin Arrow
24:15 Bow Saw
27:09 Padded Archer Armor
27:34 Pikeman
30:29 Wheelbarrow
35:31 Scale Barding Armor
Malik Bhai
6:32 Loom
8:54 Feudal Age
9:03 Man-at-Arms
14:51 Fletching
15:58 Padded Archer Armor
15:44 Horse Collar
16:40 Arson
24:10 Castle Age
22:55 Scale Mail Armor
24:40 Scale Barding Armor
24:46 Forging
24:58 Light Cavalry
25:39 Husbandry
25:53 Bloodlines
26:48 Chain Barding Armor
30:54 Iron Casting
Connection lost

Rejoining the realm…

Still unreachable

The connection could not be restored.

Session expired

The server has moved on; the page needs a fresh start.